General information
- name: BNet
- type: Ladder team game (AT/RT)
- host: Battle.net
- saver: Graveland
map: TwilightRuins
- players: 8
- length: 74:08
- speed: Fast
- version: 1.26 W3XP
- replay type: Public
» download(505 KB)
Players
team 1 (winner)
nooboy (
orange | 97 APM | 7179 actions | 74:07)
7 Blademaster
3 Wind Walk
3 Critical Strike
1 Bladestorm
5 Shadow Hunter
3 Healing Wave
2 Hex
» actions
| Assign group hotkey | 300 | |
| Basic commands | 173 | |
| Build / train | 99 | |
| ESC pressed | 12 | |
| Enter build submenu | 48 | |
| Enter hero's abilities submenu | 12 | |
| Right click | 3200 | |
| Select / deselect | 538 | |
| Select group hotkey | 2540 | |
| Use ability | 257 | |
7179 total
» units
| Peon | 23 | |
| Grunt | 9 | |
| Shaman | 4 | |
| Wind Rider | 11 | |
| Troll Batrider | 16 | |
63 total
» upgrades
| Berserker Strength | 1 | |
| Spiked Barricades | 1 | |
| Shaman Training | 2 | |
| Reinforced Defenses | 1 | |
| Envenomed Spears | 1 | |
| Liquid Fire | 1 | |
| Ranged Weapons | 1 | |
| Armor | 1 | |
9 total
» buildings
| Altar of Storms | 1 | |
| Orc Burrow | 10 | |
| Barracks | 1 | |
| Voodoo Lounge | 1 | |
| War Mill | 1 | |
| Stronghold | 1 | |
| Watch Tower | 14 | |
| Great Hall | 6 | |
| Fortress | 1 | |
| Spirit Lodge | 2 | |
| Tauren Totem | 2 | |
| Beastiary | 5 | |
45 total
» build order
00:09 Altar of Storms
00:16 Orc Burrow
00:56 Barracks
01:29 Orc Burrow
02:00 Voodoo Lounge
03:10 War Mill
04:21 Stronghold
04:50 Watch Tower
04:53 Watch Tower
06:01 Orc Burrow
06:03 Orc Burrow
06:38 Watch Tower
06:39 Watch Tower
06:53 Great Hall
06:57 Watch Tower
06:59 Watch Tower
09:01 Fortress
09:18 Spirit Lodge
09:20 Spirit Lodge
11:15 Orc Burrow
11:38 Tauren Totem
11:41 Tauren Totem
11:46 Orc Burrow
12:13 Beastiary
12:14 Beastiary
12:19 Beastiary
12:27 Beastiary
13:46 Orc Burrow
15:21 Beastiary
15:23 Orc Burrow
16:46 Orc Burrow
17:22 Orc Burrow
19:18 Watch Tower
19:49 Watch Tower
19:49 Watch Tower
20:35 Watch Tower
21:58 Great Hall
22:40 Great Hall
24:51 Great Hall
39:06 Great Hall
41:26 Great Hall
42:27 Watch Tower
44:01 Watch Tower
44:27 Watch Tower
44:28 Watch Tower
» items
| Healing Salve | 5 | |
| Lesser Clarity Potion | 1 | |
| Scroll of Speed | 1 | |
| Orb of Lightning | 1 | |
| Scroll of Town Portal | 2 | |
10 total

»
ricvala (
teal | 42 APM | 2712 actions | 64:23)
9 Demon Hunter
3 Immolation
3 Evasion
1 Metamorphosis
2 Mana Burn
» actions
| Assign group hotkey | 32 | |
| Basic commands | 313 | |
| Build / train | 130 | |
| ESC pressed | 5 | |
| Enter build submenu | 34 | |
| Enter hero's abilities submenu | 9 | |
| Give item / drop item | 3 | |
| Right click | 737 | |
| Select / deselect | 697 | |
| Select group hotkey | 623 | |
| Use ability | 128 | |
2712 total
» units
| Wisp | 34 | |
| Huntress | 3 | |
| Dryad | 25 | |
| Druid of the Claw | 4 | |
| Hippogryph | 27 | |
93 total
» upgrades
| Abolish Magic | 1 | |
| Druid of the Claw Training | 1 | |
| Strength of the Wild | 2 | |
| Reinforced Hides | 1 | |
| Strength of the Moon | 1 | |
| Moon Armor | 1 | |
7 total
» buildings
| Altar of Elders | 2 | |
| Moon Well | 7 | |
| Tree of Ages | 1 | |
| Ancient of War | 2 | |
| Hunter's Hall | 1 | |
| Ancient of Wonders | 2 | |
| Ancient Protector | 3 | |
| Ancient of Lore | 4 | |
| Tree of Life | 4 | |
| Tree of Eternity | 1 | |
| Ancient of Wind | 2 | |
29 total
» build order
00:54 Altar of Elders
00:55 Moon Well
06:34 Tree of Ages
06:36 Ancient of War
06:39 Moon Well
06:42 Hunter's Hall
06:45 Ancient of Wonders
06:52 Ancient of Wonders
06:57 Moon Well
07:00 Moon Well
08:06 Ancient of War
08:08 Moon Well
08:10 Ancient Protector
08:58 Ancient of Lore
09:01 Ancient of Lore
09:07 Ancient of Lore
09:09 Ancient of Lore
10:12 Tree of Life
11:20 Moon Well
11:55 Tree of Eternity
12:31 Moon Well
14:58 Ancient of Wind
16:35 Ancient of Wind
16:55 Ancient Protector
20:42 Tree of Life
33:30 Tree of Life
38:46 Altar of Elders
40:45 Ancient Protector
46:26 Tree of Life
» items
| Potion of Healing | 6 | |
| Potion of Lesser Invulnerability | 2 | |
| Scroll of Town Portal | 3 | |
| Orb of Venom | 1 | |
| Potion of Invulnerability | 1 | |
| Wand of Illusion | 1 | |
| Boots of Speed | 1 | |
| Replenishment Potion | 1 | |
| Healing Salve | 1 | |
| Scroll of Protection | 1 | |
18 total
Spirit_blight (
green | 56 APM | 3639 actions | 65:05)
10 Tauren Chieftain
3 Shockwave
3 Endurance Aura
3 War Stomp
1 Reincarnation
» actions
| Assign group hotkey | 13 | |
| Basic commands | 97 | |
| Build / train | 143 | |
| Enter build submenu | 53 | |
| Enter hero's abilities submenu | 11 | |
| Remove unit from queue | 1 | |
| Right click | 2507 | |
| Select / deselect | 615 | |
| Select group hotkey | 21 | |
| Use ability | 178 | |
3639 total
» units
| Peon | 8 | |
| Grunt | 11 | |
| Goblin Shredder | 1 | |
| Tauren | 70 | |
| Spirit Walker | 7 | |
| Wind Rider | 9 | |
106 total
» upgrades
| Pillage | 1 | |
| Pulverize | 1 | |
| Melee Weapons | 3 | |
| Armor | 4 | |
| Reinforced Defenses | 1 | |
| Spiked Barricades | 3 | |
| Spirit Walker Training | 2 | |
| Envenomed Spears | 1 | |
16 total
» buildings
| Orc Burrow | 9 | |
| Altar of Storms | 1 | |
| Barracks | 1 | |
| War Mill | 1 | |
| Stronghold | 1 | |
| Voodoo Lounge | 2 | |
| Fortress | 1 | |
| Great Hall | 6 | |
| Watch Tower | 19 | |
| Tauren Totem | 2 | |
| Spirit Lodge | 1 | |
| Beastiary | 3 | |
47 total
» build order
00:20 Orc Burrow
00:38 Altar of Storms
01:08 Barracks
01:37 Orc Burrow
02:15 War Mill
02:36 Orc Burrow
04:06 Stronghold
04:14 Orc Burrow
04:23 Orc Burrow
04:36 Voodoo Lounge
04:49 Voodoo Lounge
06:28 Orc Burrow
07:07 Fortress
08:20 Great Hall
08:24 Watch Tower
08:27 Great Hall
08:40 Watch Tower
08:41 Watch Tower
08:42 Watch Tower
08:44 Watch Tower
08:46 Watch Tower
08:48 Watch Tower
09:43 Watch Tower
09:45 Watch Tower
09:50 Watch Tower
09:52 Watch Tower
10:06 Tauren Totem
10:53 Watch Tower
10:58 Watch Tower
11:04 Watch Tower
11:32 Tauren Totem
12:13 Orc Burrow
20:04 Orc Burrow
22:29 Orc Burrow
22:57 Spirit Lodge
35:46 Great Hall
35:59 Watch Tower
36:00 Watch Tower
36:03 Watch Tower
36:05 Watch Tower
36:07 Watch Tower
38:10 Great Hall
39:06 Great Hall
43:10 Great Hall
46:41 Beastiary
46:43 Beastiary
46:47 Beastiary
» items
| Scroll of Protection | 1 | |
| Orb of Lightning | 1 | |
| Scroll of Town Portal | 2 | |
| Potion of Healing | 2 | |
6 total
Graveland (
yellow | 87 APM | 6459 actions | 74:08)
6 Death Knight
3 Death Coil
3 Unholy Aura
5 Lich
3 Frost Nova
2 Frost Armor
» actions
| Assign group hotkey | 89 | |
| Basic commands | 633 | |
| Build / train | 187 | |
| ESC pressed | 12 | |
| Enter build submenu | 48 | |
| Enter hero's abilities submenu | 11 | |
| Give item / drop item | 7 | |
| Right click | 2550 | |
| Select / deselect | 965 | |
| Select group hotkey | 1649 | |
| Use ability | 308 | |
6459 total
» units
| Acolyte | 14 | |
| Ghoul | 3 | |
| Crypt Fiend | 24 | |
| Goblin Shredder | 3 | |
| Meatwagon | 7 | |
| Abomination | 7 | |
| Frost Wyrm | 8 | |
| Goblin Zeppelin | 3 | |
| Gargoyle | 9 | |
78 total
» upgrades
| Creature Attack | 3 | |
| Burrow | 2 | |
| Web | 1 | |
| Creature Carapace | 3 | |
| Ghoul Frenzy | 1 | |
| Disease Cloud | 1 | |
| Unholy Armor | 3 | |
| Unholy Strength | 1 | |
15 total
» buildings
| Graveyard | 2 | |
| Crypt | 5 | |
| Ziggurat | 13 | |
| Altar of Darkness | 3 | |
| Tomb of Relics | 2 | |
| Halls of the Dead | 8 | |
| Necropolis | 2 | |
| Black Citadel | 6 | |
| Slaughterhouse | 3 | |
| Nerubian Tower | 1 | |
| Spirit Tower | 17 | |
| Sacrificial Pit | 1 | |
| Boneyard | 2 | |
65 total
» build order
00:09 Graveyard
00:15 Crypt
00:42 Ziggurat
00:58 Altar of Darkness
01:25 Tomb of Relics
02:06 Ziggurat
03:48 Halls of the Dead
03:48 Halls of the Dead
03:48 Halls of the Dead
06:32 Ziggurat
06:41 Necropolis
09:25 Ziggurat
09:26 Ziggurat
09:28 Ziggurat
09:28 Ziggurat
09:32 Black Citadel
09:32 Black Citadel
09:32 Black Citadel
09:39 Slaughterhouse
10:37 Nerubian Tower
10:38 Spirit Tower
11:14 Spirit Tower
11:14 Spirit Tower
13:15 Spirit Tower
13:16 Spirit Tower
13:16 Spirit Tower
18:55 Crypt
18:57 Crypt
19:09 Slaughterhouse
20:33 Ziggurat
20:36 Ziggurat
20:39 Ziggurat
21:40 Spirit Tower
21:41 Spirit Tower
21:41 Spirit Tower
21:43 Spirit Tower
21:43 Spirit Tower
21:43 Spirit Tower
21:53 Halls of the Dead
21:53 Halls of the Dead
21:53 Halls of the Dead
23:07 Necropolis
25:09 Spirit Tower
25:10 Spirit Tower
25:31 Black Citadel
25:31 Black Citadel
26:58 Crypt
27:00 Crypt
27:03 Altar of Darkness
27:11 Altar of Darkness
27:22 Graveyard
29:03 Slaughterhouse
29:05 Sacrificial Pit
30:08 Tomb of Relics
30:22 Boneyard
30:27 Boneyard
32:04 Ziggurat
34:04 Ziggurat
38:20 Ziggurat
43:25 Spirit Tower
» items
| Rod of Necromancy | 1 | |
| Potion of Healing | 5 | |
| Gauntlets of Ogre Strength +3 | 1 | |
| Gloves of Haste | 1 | |
| Scroll of Town Portal | 9 | |
| Orb of Corruption | 1 | |
| Scroll of Healing | 3 | |
| Potion of Mana | 1 | |
| Boots of Speed | 1 | |
| Periapt of Vitality | 1 | |
| Potion of Lesser Invulnerability | 3 | |
| Orb of Venom | 1 | |
| Staff of Teleportation | 2 | |
| Orb of Lightning | 1 | |
31 total
team 2 (loser)

»
Spirit.Of.HeLL (
red | 64 APM | 2179 actions | 33:50)
6 Archmage
3 Summon Water Elemental
2 Brilliance Aura
1 Mass Teleport
6 Paladin
2 Holy Light
1 Divine Shield
2 Devotion Aura
1 Resurrection
» actions
| Assign group hotkey | 68 | |
| Basic commands | 2 | |
| Build / train | 86 | |
| Enter build submenu | 20 | |
| Enter hero's abilities submenu | 13 | |
| Give item / drop item | 7 | |
| Right click | 805 | |
| Select / deselect | 352 | |
| Select group hotkey | 653 | |
| Use ability | 173 | |
2179 total
» units
| Peasant | 12 | |
| Footman | 7 | |
| Knight | 15 | |
| Siege Engine | 5 | |
39 total
» upgrades
| Masonry | 3 | |
| Lumber Harvesting | 1 | |
| Plating | 3 | |
| Gunpowder | 3 | |
| Swords | 2 | |
| Barrage | 1 | |
| Animal War Training | 1 | |
14 total
» buildings
| Farm | 9 | |
| Altar of Kings | 1 | |
| Barracks | 2 | |
| Scout Tower | 6 | |
| Arcane Tower | 1 | |
| Lumber Mill | 1 | |
| Arcane Vault | 1 | |
| Guard Tower | 5 | |
| Keep | 1 | |
| Blacksmith | 1 | |
| Castle | 1 | |
| Workshop | 1 | |
30 total
» build order
00:13 Farm
00:21 Altar of Kings
00:46 Barracks
00:59 Farm
01:27 Scout Tower
01:40 Farm
02:07 Arcane Tower
02:54 Lumber Mill
03:42 Scout Tower
03:43 Scout Tower
03:46 Scout Tower
03:51 Arcane Vault
04:22 Guard Tower
04:44 Guard Tower
05:11 Keep
05:24 Guard Tower
05:26 Scout Tower
06:01 Guard Tower
06:09 Blacksmith
06:16 Farm
06:19 Farm
07:42 Castle
08:02 Barracks
09:08 Workshop
09:13 Scout Tower
09:56 Guard Tower
10:44 Farm
10:44 Farm
10:44 Farm
21:01 Farm
» items
| Potion of Lesser Invulnerability | 1 | |
| Scroll of Protection | 1 | |
| Scroll of Town Portal | 3 | |
| Scroll of Regeneration | 3 | |
| Potion of Healing | 3 | |
11 total

»
PeEONurFACE (
blue | 68 APM | 2322 actions | 33:54)
5 Mountain King
1 Thunder Clap
2 Storm Bolt
2 Bash
3 Blood Mage
2 Flame Strike
1 Banish
3 Archmage
2 Blizzard
1 Summon Water Elemental
» actions
| Assign group hotkey | 43 | |
| Basic commands | 218 | |
| Build / train | 139 | |
| Enter build submenu | 31 | |
| Enter hero's abilities submenu | 12 | |
| Give item / drop item | 5 | |
| Right click | 391 | |
| Select / deselect | 525 | |
| Select group hotkey | 847 | |
| Use ability | 111 | |
2322 total
» units
| Peasant | 21 | |
| Footman | 8 | |
| Goblin Shredder | 1 | |
| Dragonhawk Rider | 9 | |
| Gryphon Rider | 18 | |
| Knight | 17 | |
| Rifleman | 13 | |
87 total
» upgrades
| Swords | 3 | |
| Lumber Harvesting | 2 | |
| Armor | 4 | |
| Cloud | 1 | |
| Animal War Training | 1 | |
| Storm Hammers | 1 | |
| Long Rifles | 1 | |
13 total
» buildings
| Farm | 13 | |
| Altar of Kings | 1 | |
| Arcane Vault | 1 | |
| Lumber Mill | 2 | |
| Barracks | 2 | |
| Town Hall | 1 | |
| Keep | 1 | |
| Blacksmith | 2 | |
| Castle | 1 | |
| Gryphon Aviary | 5 | |
29 total
» build order
00:31 Farm
00:37 Altar of Kings
01:03 Arcane Vault
01:18 Farm
01:33 Lumber Mill
01:57 Farm
02:53 Farm
03:19 Barracks
03:21 Barracks
03:32 Farm
04:10 Farm
04:53 Farm
05:53 Farm
06:11 Town Hall
06:37 Farm
06:56 Keep
07:04 Blacksmith
07:23 Farm
08:10 Farm
08:26 Blacksmith
09:00 Farm
09:22 Castle
09:42 Farm
10:06 Gryphon Aviary
10:10 Gryphon Aviary
10:51 Gryphon Aviary
10:54 Gryphon Aviary
11:16 Gryphon Aviary
13:53 Lumber Mill
» items
| Lesser Clarity Potion | 2 | |
| Scroll of Regeneration | 5 | |
| Dust of Appearance | 1 | |
| Staff of Teleportation | 1 | |
| Circlet of Nobility | 1 | |
| Scroll of Town Portal | 3 | |
| Orb of Fire | 2 | |
| Potion of Healing | 3 | |
| Potion of Mana | 1 | |
19 total

»
ACKBAR_SHABAZ (
purple | 90 APM | 3071 actions | 34:15)
8 Goblin Alchemist
3 Chemical Rage
3 Acid Bomb
1 Transmute
1 Healing Spray
» actions
| Assign group hotkey | 18 | |
| Basic commands | 38 | |
| Build / train | 105 | |
| Enter build submenu | 33 | |
| Enter hero's abilities submenu | 8 | |
| Give item / drop item | 4 | |
| Remove unit from queue | 9 | |
| Right click | 2145 | |
| Select / deselect | 551 | |
| Select group hotkey | 25 | |
| Use ability | 135 | |
3071 total
» units
| Wisp | 30 | |
| Archer | 3 | |
| Dryad | 11 | |
| Druid of the Claw | -5 | |
| Chimaera | 12 | |
| Hippogryph | 9 | |
60 total
» upgrades
| Strength of the Wild | 3 | |
| Reinforced Hides | 3 | |
| Abolish Magic | 1 | |
| Ultravision | 1 | |
| Druid of the Claw Training | 1 | |
| Well Spring | 1 | |
| Corrosive Breath | 1 | |
11 total
» buildings
| Moon Well | 7 | |
| Ancient of War | 1 | |
| Altar of Elders | 1 | |
| Tree of Life | 2 | |
| Ancient of Wonders | 1 | |
| Tree of Ages | 1 | |
| Hunter's Hall | 3 | |
| Ancient of Lore | 3 | |
| Tree of Eternity | 1 | |
| Ancient of Wind | 2 | |
| Chimaera Roost | 2 | |
| Ancient Protector | 8 | |
32 total
» build order
00:07 Moon Well
00:28 Ancient of War
00:50 Altar of Elders
03:05 Tree of Life
03:28 Moon Well
03:34 Moon Well
04:18 Ancient of Wonders
05:37 Tree of Ages
06:01 Hunter's Hall
06:02 Hunter's Hall
06:06 Hunter's Hall
06:31 Moon Well
07:45 Moon Well
07:45 Moon Well
08:06 Ancient of Lore
08:08 Ancient of Lore
08:09 Ancient of Lore
10:27 Tree of Eternity
12:31 Ancient of Wind
14:40 Chimaera Roost
14:45 Chimaera Roost
21:41 Tree of Life
21:43 Ancient Protector
23:22 Ancient Protector
23:24 Ancient Protector
23:24 Ancient Protector
23:27 Ancient Protector
23:39 Moon Well
27:43 Ancient Protector
27:44 Ancient Protector
30:47 Ancient of Wind
» items
| Claws of Attack +6 | 1 | |
| Gloves of Haste | 1 | |
| Ring of Regeneration | 1 | |
| Boots of Speed | 1 | |
| Scroll of Town Portal | 7 | |
| Orb of Venom | 1 | |
| Scroll of Regeneration | 1 | |
| Potion of Healing | 1 | |
14 total
Timberwolves (
pink | 79 APM | 5885 actions | 74:07)
8 Blademaster
3 Wind Walk
3 Critical Strike
1 Bladestorm
1 Mirror Image
1 Goblin Alchemist
1 Healing Spray
1 Mountain King
1 Avatar
1 Paladin
1 Devotion Aura
» actions
| Assign group hotkey | 76 | |
| Basic commands | 152 | |
| Build / train | 118 | |
| Enter build submenu | 80 | |
| Enter hero's abilities submenu | 11 | |
| Give item / drop item | 15 | |
| Remove unit from queue | 1 | |
| Right click | 2368 | |
| Select / deselect | 701 | |
| Select group hotkey | 2059 | |
| Use ability | 304 | |
5885 total
» units
| Peon | 27 | |
| Grunt | 4 | |
| Goblin Shredder | 1 | |
| Wind Rider | 7 | |
| Goblin Sapper | 2 | |
| Troll Batrider | 9 | |
| Gryphon Rider | 1 | |
| Dryad | 5 | |
| Wisp | 16 | |
| Peasant | 8 | |
| Troll Witch Doctor | 4 | |
| Flying Machine | 1 | |
85 total
» upgrades
| Melee Weapons | 0 | |
| Armor | 2 | |
| Ranged Weapons | 2 | |
| Reinforced Defenses | 1 | |
| Troll Regeneration | 1 | |
6 total
» buildings
| Orc Burrow | 5 | |
| Altar of Storms | 1 | |
| Barracks | 1 | |
| Voodoo Lounge | 3 | |
| War Mill | 1 | |
| Stronghold | 1 | |
| Watch Tower | 49 | |
| Great Hall | 7 | |
| Beastiary | 3 | |
| Fortress | 1 | |
| Hunter's Hall | 4 | |
| Tree of Life | 1 | |
| Town Hall | 1 | |
| Spirit Lodge | 1 | |
79 total
» build order
00:12 Orc Burrow
00:54 Altar of Storms
00:55 Barracks
01:37 Orc Burrow
02:03 Voodoo Lounge
03:36 War Mill
03:45 Voodoo Lounge
04:23 Stronghold
04:52 Watch Tower
04:54 Watch Tower
05:12 Watch Tower
06:44 Great Hall
07:19 Orc Burrow
08:26 Beastiary
08:27 Beastiary
08:44 Orc Burrow
09:39 Great Hall
09:50 Watch Tower
09:51 Watch Tower
09:56 Watch Tower
09:56 Watch Tower
09:57 Watch Tower
11:32 Orc Burrow
13:50 Great Hall
13:52 Voodoo Lounge
13:56 Watch Tower
13:56 Watch Tower
13:56 Watch Tower
13:59 Watch Tower
14:01 Watch Tower
14:02 Watch Tower
14:57 Watch Tower
15:06 Fortress
15:11 Watch Tower
15:14 Watch Tower
19:49 Watch Tower
19:54 Watch Tower
19:54 Watch Tower
19:54 Watch Tower
19:55 Watch Tower
19:56 Watch Tower
20:59 Beastiary
24:04 Great Hall
25:12 Watch Tower
25:13 Watch Tower
25:13 Watch Tower
25:13 Watch Tower
27:42 Watch Tower
27:42 Watch Tower
27:43 Watch Tower
27:43 Watch Tower
27:43 Watch Tower
27:44 Watch Tower
27:44 Watch Tower
27:45 Watch Tower
29:02 Great Hall
30:50 Watch Tower
30:50 Watch Tower
31:54 Watch Tower
31:54 Watch Tower
32:13 Watch Tower
32:17 Watch Tower
32:50 Watch Tower
32:55 Watch Tower
32:58 Watch Tower
33:01 Watch Tower
34:06 Great Hall
34:08 Watch Tower
34:16 Watch Tower
34:16 Watch Tower
53:17 Hunter's Hall
56:20 Hunter's Hall
56:26 Hunter's Hall
56:51 Tree of Life
58:24 Hunter's Hall
59:50 Town Hall
67:07 Great Hall
68:37 Watch Tower
70:25 Spirit Lodge
» items
| Healing Salve | 5 | |
| Dust of Appearance | 2 | |
| Scroll of Town Portal | 3 | |
| Orb of Lightning | 1 | |
| Boots of Speed | 1 | |
12 total
Chat log
(00:14 / All) PeEONurFACE: i loike that name spirit of hell
(00:16 / All) PeEONurFACE: !!!!!!
(00:19 / All) PeEONurFACE: like
(00:23 / Allies) Spirit_blight: hahhha
(00:26 / All) PeEONurFACE: not loike
(00:31 / All) Timberwolves: Never trust a soldier a fortune. Loyalty is not in their hearts
(01:55 / Allies) Spirit_blight: oj
(02:02 / Allies) Spirit_blight: u doing what?
(02:35 / All) Timberwolves: Little bitch
(02:48 / All) Timberwolves: noobie
(04:45 / All) Timberwolves: You'lkl fucking regret this faggot
(05:39 / All) Graveland: Fucking pussy needing 2 players to take 1
(05:45 / All) Timberwolves: I'll be level 4 before you're level 2
(05:52 / All) ACKBAR_SHABAZ: crime they say, does not pay
(07:34 / All) Timberwolves: mh too
(07:55 / Allies) Spirit_blight: pillage
(08:16 / All) Timberwolves: Wow
(08:17 / All) Timberwolves: Fucking mher
(10:34 / All) Timberwolves: complete mh
(10:44 / All) Spirit_blight: plz report
(10:46 / All) Spirit_blight: hahahahh
(10:49 / All) Timberwolves: You make it so fucking obvious
(10:56 / All) Timberwolves: Rush right there before I get towers
(12:50 / All) Timberwolves: fuckign whoops
(13:50 / Allies) Graveland: Help
(14:18 / All) Timberwolves: lawl
(14:21 / All) Timberwolves: Goes straight for it
(14:25 / All) Timberwolves: You are so fucking obvious
(14:49 / All) Timberwolves: fucking mh trash
(15:35 / All) Graveland: Gay, this is why I never play this race
(16:27 / All) PeEONurFACE: die
(16:40 / Allies) ricvala: hipos come
(16:47 / All) PeEONurFACE: mass air
(16:49 / All) PeEONurFACE: :)
(16:58 / All) Spirit_blight: mass anti air :D
(16:59 / Allies) ricvala: np
(17:01 / Allies) ricvala: gold plz
(17:14 / All) Graveland: wtf is that faggot lich doing'
(18:04 / All) PeEONurFACE: Cloud
(18:32 / Allies) ricvala: gold me
(18:32 / Allies) ricvala: oklz
(20:06 / Allies) ricvala: where hit?
(20:11 / Allies) Spirit_blight: WAIT ME
(20:18 / Allies) ricvala: k
(20:57 / Allies) Spirit_blight: I NEED LUMBER
(21:43 / Allies) ricvala: tp
(21:44 / Allies) ricvala: tp
(22:47 / Allies) ricvala: ned heal
(23:01 / Allies) ricvala: gold me
(23:03 / Allies) nooboy: tauren
(23:15 / Allies) Spirit_blight: towers
(24:34 / Allies) ricvala: b
(24:42 / All) Timberwolves: HARD TO OUTBAT MAPHACK
(24:49 / Allies) ricvala: back
(25:03 / Allies) ricvala: fiends
(25:06 / Allies) ricvala: gargas
(25:06 / Allies) ricvala: men
(25:15 / Allies) Graveland: They gonna hit me again
(25:26 / Allies) ricvala: wait green
(25:28 / All) PeEONurFACE: balls deep boys
(25:28 / Allies) ricvala: we need group
(25:35 / All) Timberwolves: orange you're such a piece of shit
(25:49 / All) Timberwolves: pos motherfucker
(25:56 / Allies) ricvala: b
(26:01 / All) PeEONurFACE: die
(26:03 / All) Timberwolves: YOU RAN ACROSS THE FUCKING MAP
(26:06 / All) Timberwolves: ACROSS THE FUCKING MAP{
(26:08 / All) Timberwolves: to get that
(26:37 / All) Timberwolves: and yo urun back LOL
(26:43 / All) Timberwolves: your teammate is dying but you have to get my expo
(27:11 / Allies) ricvala: b
(27:45 / Allies) ricvala: gold me
(27:50 / Allies) Spirit_blight: we need anti air
(27:58 / Allies) ricvala: me
(28:58 / Allies) ricvala: g0
(29:00 / Allies) ricvala: ?
(29:14 / All) Timberwolves: They all in my mass towered base, no h elp. Ran across map to prevent another
(29:16 / All) Timberwolves: This game sucks
(29:39 / All) PeEONurFACE: omg
(30:06 / All) PeEONurFACE: omg
(30:58 / Allies) nooboy: kill expo
(31:20 / Allies) ricvala: xcastle
(32:17 / All) PeEONurFACE: im runiing
(32:24 / All) Timberwolves: lawl
(33:23 / All) PeEONurFACE: omg klilled 1 blow
(33:29 / All) PeEONurFACE: lol
(33:31 / All) PeEONurFACE: mnice yellow
(33:33 / All) ricvala: shhh
(33:35 / All) ricvala: pink
(33:47 / All) PeEONurFACE: pink tower omg gg
(33:50 / All) PeEONurFACE: fuck this
(33:55 / All) nooboy: i didn't map hack u guys just suck
(34:04 / All) ricvala: pink shh
(34:04 / All) ricvala: lol
(34:07 / All) nooboy: .pink mad noob
(34:09 / All) ACKBAR_SHABAZ: ur right they sucked
(34:13 / All) Timberwolves: Orange you obviously mh
(34:36 / Allies) nooboy: here easier
(34:37 / Allies) ricvala: gold me
(35:12 / All) ricvala: leave
(35:18 / All) Timberwolves: Fuck you
(35:24 / All) Timberwolves: You won with a mher you fucking scum
(35:24 / All) nooboy: i just keep bm and harass and find ur expo
(35:39 / All) ricvala: shhh
(35:41 / All) ricvala: leave
(35:48 / All) nooboy: pink just leave u noob
(36:06 / All) nooboy: accusing people mh is not a good excuse
(37:12 / Allies) Spirit_blight: LOL
(37:20 / Allies) Spirit_blight: STOP
(37:21 / Allies) Spirit_blight: NOOB
(37:48 / All) Spirit_blight: LOL
(37:57 / All) ricvala: .......
(38:03 / All) ricvala: i save you all game
(38:12 / All) ricvala: lol
(38:27 / All) Graveland: This went better than expected
(39:56 / All) Graveland: LOL
(39:59 / All) Graveland: expo killed by creeps
(40:00 / All) Graveland: Good work green
(40:10 / Allies) nooboy: they still go t army
(40:14 / All) ricvala: end this shit
(40:17 / Allies) nooboy: ywl be caureful
(40:21 / Allies) nooboy: pink still got army
(40:24 / All) Graveland: I am ending this shit
(40:27 / All) Graveland: You three will be ended
(40:30 / Allies) ricvala: go
(40:36 / Allies) ricvala: ,,........
(40:41 / All) Graveland: I can chase you all day green
(40:45 / All) Spirit_blight: STOP
(40:48 / All) Spirit_blight: WTF
(41:00 / All) Graveland: I'm not stopping
(41:02 / All) Graveland: You lose pal
(41:04 / All) Graveland: I don't like your attitude
(41:06 / All) Graveland: Or orange's hacks
(42:10 / All) Timberwolves: obv maphacker
(43:10 / Allies) nooboy: use tower
(43:16 / All) Timberwolves: does orange deny using mh?
(43:23 / All) Graveland: He doesn't say much about ot
(43:47 / All) Spirit_blight: VEI
(43:49 / All) Spirit_blight: pqp
(43:51 / All) Graveland: OY VEI!
(43:53 / All) Spirit_blight: o nao dá
(44:20 / Allies) Spirit_blight: o maldito só podia ser brasileiro
(44:23 / Allies) Spirit_blight: pqp
(44:31 / All) Graveland: Green is a BR
(45:15 / All) ricvala: fkn yellow
(45:17 / All) ricvala: lamer
(45:33 / All) Graveland: At least I'm not a maphacker
(46:04 / All) Timberwolves: It's only this close vbecause orange maphack
(46:09 / All) Timberwolves: Kept killing expansions
(46:14 / All) Graveland: If I was hu it would be a lot less close too
(46:16 / All) ricvala: ......................
(46:32 / All) Graveland: Ud has to do so much to keep up with other races
(48:29 / Allies) nooboy: coming for u ywl
(48:29 / All) Timberwolves: fucking oops
(48:29 / Allies) ricvala: lol
(48:33 / Allies) ricvala: fkn pussy
(48:38 / Allies) nooboy: or i go for ur peon
(49:08 / Allies) nooboy: 4hoold
(50:53 / Allies) ricvala: lol
(50:54 / Allies) ricvala: need
(51:03 / Allies) ricvala: no mames
(51:09 / Allies) ricvala: jajaja
(51:13 / Allies) nooboy: reapir
(51:16 / Allies) nooboy: re=paiur
(51:23 / Allies) ricvala: nah
(51:26 / All) Graveland: Teal is a BR too
(51:27 / All) Spirit_blight: we have a noob here...
(51:35 / All) nooboy: tker lol
(51:38 / All) Spirit_blight: i hate noobs
(51:39 / Allies) ricvala: poor men
(51:45 / All) Graveland: I hate maphackers and BRs
(51:55 / All) Spirit_blight: i hate nazists
(51:59 / All) Spirit_blight: :/
(52:04 / All) Graveland: I'm a nazist now for hating BR trash?
(52:15 / All) Spirit_blight: ok... fascist
(52:19 / Allies) ricvala: orange give me 200
(52:27 / All) Graveland: Do you know what either of those words mean?
(52:42 / All) Spirit_blight: of course yes
(52:49 / All) Spirit_blight: im not idiot
(52:51 / All) Graveland: it sure doesn't look like it
(52:56 / Allies) ricvala: yellow
(52:58 / Allies) ricvala: gg
(54:00 / Allies) nooboy: green tower kil it
(54:04 / Allies) Graveland: too late
(54:31 / All) Spirit_blight: YELLOW SO NOOB AHAHAHAH
(54:44 / All) ricvala: hahahha
(54:46 / All) ricvala: poor me
(54:48 / All) Spirit_blight: a trash person...
(54:48 / All) ricvala: N
(54:51 / All) Graveland: green and teal
(54:51 / All) Spirit_blight: poor...
(54:53 / All) Graveland: the br appeal
(54:56 / All) Spirit_blight: fascist
(55:02 / All) Timberwolves: You accepted a win at the hands of a maphacker
(55:03 / All) Spirit_blight: hes not br
(55:06 / All) Timberwolves: and tried to shittalk
(55:09 / All) Timberwolves: You deserve to lose
(55:12 / All) Graveland: fascism refers to the fascist party of italy from mussolini
(55:20 / All) Spirit_blight: not
(55:21 / All) Graveland: as in, I cannot be one
(55:22 / All) Spirit_blight: noob
(55:33 / All) Timberwolves: I'm happy that I am the one to destroy you orange
(55:37 / Allies) nooboy: green tower cover me
(55:51 / All) Spirit_blight: portugal spain italy deustland all was fascists
(55:52 / All) ricvala: ole
(55:53 / Allies) nooboy: teal run to gren tower
(56:01 / All) Timberwolves: u mad orange?
(56:01 / Allies) nooboy: green tower
(56:35 / All) Graveland: that heal works on me too pal
(57:53 / All) ricvala: hero
(57:54 / Allies) nooboy: ywl so gay
(58:36 / All) Timberwolves: orange you mad?
(58:50 / All) nooboy: we got a tker
(59:00 / All) Timberwolves: you mad maphacker?
(59:48 / All) Graveland: RAPED
(59:49 / All) ricvala: lol
(59:52 / All) ricvala: wowww
(59:53 / All) ricvala: men
(59:54 / All) ricvala: lol
(59:55 / All) Graveland: GET WRECKED SON
(59:56 / All) ricvala: nice
(60:10 / All) ricvala: leave green
(60:11 / All) ricvala: he suck
(60:15 / All) ricvala: need play more
(60:20 / All) ricvala: poor idiot
(60:21 / All) ricvala: ;)
(60:29 / All) Graveland: Just bm chasing now
(60:33 / Allies) nooboy: green tower coverm me
(60:46 / Allies) Graveland: Not for long
(61:12 / Allies) nooboy: green afk?
(61:32 / Allies) Spirit_blight: we cant win
(61:35 / Allies) Graveland: Good
(61:36 / Allies) Spirit_blight: with this
(61:37 / Allies) nooboy: i know
(61:39 / Allies) Graveland: Gradual admittance of defeat
(61:41 / Allies) Spirit_blight: in the gamr
(61:44 / All) nooboy: pink ywl r friends
(61:48 / Allies) Spirit_blight: shut up noob
(61:57 / Allies) Graveland: I'm the " noob" who crushed you two under my boots
(61:59 / All) Timberwolves: Did your maphack reveal it to you?
(62:39 / Allies) Graveland: Maybe I am a Fascist, I'd love to eliminate from the gene pool
(62:40 / Allies) Graveland: That's for sure
(63:43 / All) Graveland: SH down
(66:00 / All) Graveland: green is whispering me
(66:03 / All) Graveland: he says I shouldn't be fascist
(66:27 / All) Timberwolves: blue had 2 orbs of fire
(66:32 / All) Graveland: lol
(70:14 / Allies) nooboy: \i find a good place to hide lol
(71:30 / All) nooboy: lol
(71:40 / All) Graveland: This could have been over a long time ago
(72:50 / All) nooboy: i will report this to blizzard
(72:54 / All) Timberwolves: lawl
(72:54 / All) nooboy: ban ur account
(72:57 / All) Timberwolves: report your maphack
(72:59 / All) Graveland: I've heard that before
(72:59 / All) Timberwolves: moron
(73:48 / All) Graveland: Any last words for us?
(74:05 / All) nooboy: chicekn